SR
CAPITAL HILL INTERNS @ VALLEY VIEW COUGARS
08/19/2042
 
TOP OF THE 1ST
Capital Hill Interns batting - Pitching for Valley View Cougars : RHP John Robertson
Pitching: RHP John Robertson
Batting: LHB Armando García 0-0: Ball
1-0: Ball
2-0: Ball
3-0: Base on Balls
Batting: RHB Javier Cunchillos 0-0: Ball
1-0: Called Strike
1-1: Fly out, F8 (Line Drive, 8RM, EV 102.5 MPH)
Batting: RHB Valerio Salviati 0-0: Ball
Armando García steals 2nd base
1-0: Ball
2-0: SINGLE (Groundball, 56, EV 101.9 MPH) - runner OUT being hit by batted ball. (infield hit)
Batting: LHB Allen Edwards 0-0: Ball
1-0: Foul Ball, location: 2F
1-1: DOUBLE (Line Drive, 89D, EV 105.0 MPH)
Valerio Salviati to third
Runner from 3rd tries for Home, SAFE, throw by RF to home
Batting: RHB Calvin Myrick 0-0: DOUBLE (Line Drive, 7LS, EV 93.1 MPH)
Allen Edwards scores
Batting: RHB Jerry Ray 0-0: Swinging Strike
0-1: Foul Ball, location: 2F
0-2: Ball
1-2: Ball
2-2: Ball
3-2: Ground out 6-3 (Groundball, 6, EV 80.6 MPH)
Top of the 1st over - 2 runs, 3 hits, 0 errors, 1 left on base; Capital Hill 2 - Valley View 0
BOTTOM OF THE 1ST
Valley View Cougars batting - Pitching for Capital Hill Interns : RHP Nobuatsu Toshishai
Pitching: RHP Nobuatsu Toshishai
Batting: RHB Pepe Melandri 0-0: Ground out 6-3 (Groundball, 56, EV 105.0 MPH)
Batting: RHB Jay Harris 0-0: Called Strike
0-1: Foul Ball, location: 2F
0-2: Ball
1-2: Ball
2-2: Strikes out looking
Batting: RHB Gabe Joicey 0-0: Swinging Strike
0-1: Swinging Strike
0-2: Ball
1-2: Foul Ball, location: 2F
1-2: Ball
2-2: Foul Ball, location: 2F
2-2: Ball
3-2: Base on Balls
Batting: SHB Markus Anderson 0-0: Ball
1-0: Ball
2-0: Foul Ball, location: 2F
2-1: Ball
3-1: Foul Ball, location: 2F
3-2: Strikes out swinging
Bottom of the 1st over - 0 runs, 0 hits, 0 errors, 1 left on base; Capital Hill 2 - Valley View 0
TOP OF THE 2ND
Capital Hill Interns batting - Pitching for Valley View Cougars : RHP John Robertson
Batting: RHB Javier García 0-0: Foul Ball, location: 2F
0-1: Fly out, F8 (Flyball, 8RM, EV 86.9 MPH)
Batting: LHB Ernesto Pájaro 0-0: Ball
1-0: Foul Ball, location: 2F
1-1: Ball
2-1: Swinging Strike
2-2: Ball
3-2: Ground out 6-3 (Groundball, 6M, EV 91.2 MPH)
Batting: RHB Burton Thomas 0-0: Called Strike
0-1: SINGLE (Line Drive, 4MD, EV 97.5 MPH)
Batting: LHB Armando García 0-0: Called Strike
0-1: Swinging Strike
0-2: Ball
1-2: Ball
2-2: Strikes out swinging, 2-3 out at first.
Top of the 2nd over - 0 runs, 1 hit, 0 errors, 1 left on base; Capital Hill 2 - Valley View 0
BOTTOM OF THE 2ND
Valley View Cougars batting - Pitching for Capital Hill Interns : RHP Nobuatsu Toshishai
Batting: RHB Mark Quick 0-0: Called Strike
0-1: DOUBLE (Line Drive, 78D, EV 110.0 MPH)
Batting: RHB Shaun Kingsley 0-0: Ball
1-0: SINGLE (Groundball, 6MD, EV 96.9 MPH)
Mark Quick to third
Batting: LHB Vic Coates 0-0: Ball
1-0: Ball
2-0: Ball
Wild Pitch!
Mark Quick scores
Shaun Kingsley to second
3-0: Called Strike
3-1: Base on Balls
Batting: RHB Okalani Karri 0-0: Ball
1-0: Ball
2-0: SINGLE (Line Drive, 7LS, EV 95.0 MPH)
Shaun Kingsley to third
Vic Coates to second
Runner from 3rd tries for Home, SAFE, no throw by LF
Batting: RHB James Gill 0-0: Grounds into double play, 6-4-3 (Groundball, 56, EV 85.6 MPH)
Vic Coates to third
Batting: RHB Pepe Melandri 0-0: Ball
1-0: Ball
Passed Ball!
Vic Coates scores
2-0: Ground out 4-3 (Groundball, 4, EV 86.2 MPH)
Bottom of the 2nd over - 3 runs, 3 hits, 0 errors, 0 left on base; Capital Hill 2 - Valley View 3
TOP OF THE 3RD
Capital Hill Interns batting - Pitching for Valley View Cougars : RHP John Robertson
Batting: RHB Javier Cunchillos 0-0: Ball
1-0: Ball
2-0: SINGLE (Groundball, 34D, EV 97.5 MPH)
Batting: RHB Valerio Salviati 0-0: Foul Ball, location: 2F
0-1: Called Strike
0-2: Foul Ball, location: 2F
0-2: Ball
1-2: Ball
2-2: Strikes out swinging
Batting: LHB Allen Edwards 0-0: Called Strike
0-1: Ball
1-1: Foul Ball, location: 2F
1-2: Strikes out swinging
Batting: RHB Calvin Myrick 0-0: Ball
1-0: Ball
2-0: Called Strike
2-1: Ball
3-1: Base on Balls
Javier Cunchillos to second
Batting: RHB Jerry Ray 0-0: Ball
1-0: Called Strike
1-1: Foul Ball, location: 2F
1-2: Ball
2-2: Ball
3-2: Foul Ball, location: 2F
3-2: Foul Ball, location: 2F
3-2: Foul Ball, location: 2F
3-2: Foul Ball, location: 2F
3-2: Fly out, F7 (Flyball, 7S, EV 79.4 MPH)
Top of the 3rd over - 0 runs, 1 hit, 0 errors, 2 left on base; Capital Hill 2 - Valley View 3
BOTTOM OF THE 3RD
Valley View Cougars batting - Pitching for Capital Hill Interns : RHP Nobuatsu Toshishai
Batting: RHB Jay Harris 0-0: Ball
1-0: Ball
2-0: Swinging Strike
2-1: Called Strike
2-2: Ball
3-2: Strikes out swinging
Batting: RHB Gabe Joicey 0-0: Called Strike
0-1: Ball
1-1: SINGLE (Groundball, 6MD, EV 103.8 MPH)
Batting: SHB Markus Anderson 0-0: Called Strike
0-1: Ball
1-1: Ball
2-1: Foul Ball, location: 2F
2-2: Fly out, F7 (Flyball, 7LSF, EV 89.4 MPH)
Batting: RHB Mark Quick 0-0: Ball
Gabe Joicey is caught stealing 2nd base 2-4
Bottom of the 3rd over - 0 runs, 1 hit, 0 errors, 0 left on base; Capital Hill 2 - Valley View 3
TOP OF THE 4TH
Capital Hill Interns batting - Pitching for Valley View Cougars : RHP John Robertson
Batting: RHB Javier García 0-0: Ball
1-0: Swinging Strike
1-1: Ball
2-1: Ball
3-1: Called Strike
3-2: Base on Balls
Batting: LHB Ernesto Pájaro 0-0: Ball
Javier García steals 2nd base
1-0: Called Strike
Javier García steals 3rd, throwing error, E2
Javier García scores
1-1: Ball
2-1: Swinging Strike
2-2: DOUBLE (Line Drive, 7LM, EV 106.9 MPH)
Batting: RHB Burton Thomas 0-0: SINGLE (Line Drive, 9S, EV 97.5 MPH)
Ernesto Pájaro to third
Batting: LHB Armando García 0-0: Called Strike
0-1: Swinging Strike
0-2: Ball
1-2: Ball
2-2: Foul Ball, location: 2F
2-2: Foul Ball, location: 2F
2-2: Ball
3-2: SINGLE (Line Drive, 7S, EV 103.8 MPH)
Ernesto Pájaro scores
Burton Thomas to second
Batting: RHB Javier Cunchillos 0-0: Ball
1-0: Foul Ball, location: 2F
1-1: DOUBLE (Flyball, 9LD, EV 98.1 MPH)
Burton Thomas scores
Armando García to third
Pitching: RHP Alan Gilbert
Batting: RHB Valerio Salviati 0-0: Ball
1-0: Ball
2-0: Ground out 5-3 (Groundball, 56S, EV 81.9 MPH)
Armando García scores
Batting: LHB Allen Edwards 0-0: Swinging Strike
0-1: Ball
1-1: Swinging Strike
1-2: Foul Ball, location: 2F
1-2: Ball
2-2: Ball
3-2: Base on Balls
Batting: RHB Calvin Myrick 0-0: Ball
1-0: Ball
2-0: Called Strike
2-1: Foul Ball, location: 2F
2-2: Foul Ball, location: 2F
2-2: Ball
3-2: Base on Balls
Javier Cunchillos to third
Allen Edwards to second
Batting: RHB Jerry Ray 0-0: Ball
1-0: Swinging Strike
1-1: Ball
2-1: Ball
3-1: Foul Ball, location: 2F
3-2: Strikes out swinging
Batting: RHB Javier García 0-0: Called Strike
0-1: Foul Ball, location: 2F
0-2: Strikes out swinging
Top of the 4th over - 4 runs, 4 hits, 1 error, 3 left on base; Capital Hill 6 - Valley View 3
BOTTOM OF THE 4TH
Valley View Cougars batting - Pitching for Capital Hill Interns : RHP Nobuatsu Toshishai
Batting: RHB Mark Quick 0-0: Ball
1-0: Ball
2-0: Ball
3-0: Base on Balls
Batting: RHB Shaun Kingsley 0-0: Ball
1-0: Ball
2-0: Ball
3-0: SINGLE (Groundball, 6D, EV 109.4 MPH)
Mark Quick to second
Batting: LHB Vic Coates 0-0: DOUBLE (Groundball, 3L, EV 93.8 MPH)
Mark Quick scores
Shaun Kingsley to third
Batting: RHB Okalani Karri 0-0: Ball
1-0: Fly out, F8 (Flyball, 8RD, EV 95.0 MPH)
Runner from 3rd tags up, SCORES, no throw by CF
Batting: RHB James Gill 0-0: Ball
1-0: Ball
2-0: Foul Ball, location: 2F
2-1: Fly out, F8 (Line Drive, 8RD, EV 101.2 MPH)
Batting: RHB Pepe Melandri 0-0: Foul Ball, location: 2F
0-1: Swinging Strike
0-2: Ball
1-2: Strikes out swinging
Bottom of the 4th over - 2 runs, 2 hits, 0 errors, 1 left on base; Capital Hill 6 - Valley View 5
TOP OF THE 5TH
Capital Hill Interns batting - Pitching for Valley View Cougars : RHP Alan Gilbert
Batting: LHB Ernesto Pájaro 0-0: Swinging Strike
0-1: Ball
1-1: Ground out 4-3 (Groundball, 4, EV 93.1 MPH)
Batting: RHB Burton Thomas 0-0: Called Strike
0-1: Swinging Strike
0-2: Strikes out swinging
Batting: LHB Armando García 0-0: Ball
1-0: Called Strike
1-1: Swinging Strike
1-2: Strikes out looking
Top of the 5th over - 0 runs, 0 hits, 0 errors, 0 left on base; Capital Hill 6 - Valley View 5
BOTTOM OF THE 5TH
Valley View Cougars batting - Pitching for Capital Hill Interns : RHP Nobuatsu Toshishai
Batting: RHB Jay Harris 0-0: Ball
1-0: Called Strike
1-1: Ball
2-1: Swinging Strike
2-2: Ball
3-2: Base on Balls
Batting: RHB Gabe Joicey 0-0: Ground out 6-3 (Groundball, 4MS, EV 78.8 MPH)
Jay Harris to second
Batting: SHB Markus Anderson 0-0: Ball
1-0: Ball
2-0: Ball
3-0: Base on Balls
Batting: RHB Mark Quick 0-0: Grounds into double play, 5-4-3 (Groundball, 5, EV 76.9 MPH)
Bottom of the 5th over - 0 runs, 0 hits, 0 errors, 1 left on base; Capital Hill 6 - Valley View 5
TOP OF THE 6TH
Capital Hill Interns batting - Pitching for Valley View Cougars : RHP Alan Gilbert
Batting: RHB Javier Cunchillos 0-0: SOLO HOME RUN (Flyball, 78XD, EV 99.4 MPH), Distance : 404 ft
Batting: RHB Valerio Salviati 0-0: Ball
1-0: Foul Ball, location: 2F
1-1: Foul Ball, location: 2F
1-2: Ball
2-2: Foul Ball, location: 2F
2-2: Ground out 6-3 (Groundball, 6, EV 97.5 MPH)
Pitching: RHP Tyrone Tolbert
Batting: LHB Allen Edwards 0-0: Foul Ball, location: 2F
0-1: Ball
1-1: Foul Ball, location: 2F
1-2: Ball
2-2: Strikes out swinging
Batting: RHB Calvin Myrick 0-0: Called Strike
0-1: Ground out 2-3 (Groundball, 15S, EV 59.4 MPH)
Top of the 6th over - 1 run, 1 hit, 0 errors, 0 left on base; Capital Hill 7 - Valley View 5
BOTTOM OF THE 6TH
Valley View Cougars batting - Pitching for Capital Hill Interns : RHP Nobuatsu Toshishai
Batting: RHB Shaun Kingsley 0-0: Called Strike
0-1: Called Strike
0-2: Ball
1-2: Foul Ball, location: 2F
1-2: Strikes out swinging
Batting: LHB Vic Coates 0-0: Ball
1-0: Swinging Strike
1-1: Ball
2-1: Ground out 4-3 (Groundball, 4, EV 87.5 MPH)
Batting: RHB Okalani Karri 0-0: Ball
1-0: Called Strike
1-1: Ball
2-1: Ball
3-1: Swinging Strike
3-2: Foul Ball, location: 2F
3-2: Base on Balls
Batting: RHB James Gill 0-0: Ball
1-0: Ball
2-0: Foul Ball, location: 2F
2-1: Foul Ball, location: 2F
2-2: Ball
3-2: Foul Ball, location: 2F
3-2: Foul Ball, location: 2F
3-2: Strikes out swinging
Bottom of the 6th over - 0 runs, 0 hits, 0 errors, 1 left on base; Capital Hill 7 - Valley View 5
TOP OF THE 7TH
Capital Hill Interns batting - Pitching for Valley View Cougars : RHP Tyrone Tolbert
Batting: RHB Jerry Ray 0-0: Called Strike
0-1: Foul Ball, location: 2F
0-2: Foul Ball, location: 2F
0-2: Foul Ball, location: 2F
0-2: Ball
1-2: Strikes out swinging
Batting: RHB Javier García 0-0: Foul Ball, location: 2F
0-1: Foul Ball, location: 2F
0-2: Strikes out looking
Batting: LHB Ernesto Pájaro 0-0: Foul Ball, location: 2F
0-1: Foul Ball, location: 2F
0-2: Ball
1-2: Foul Ball, location: 2F
1-2: Ground out 4-3 (Groundball, 4, EV 85.6 MPH)
Top of the 7th over - 0 runs, 0 hits, 0 errors, 0 left on base; Capital Hill 7 - Valley View 5
BOTTOM OF THE 7TH
Valley View Cougars batting - Pitching for Capital Hill Interns : RHP Nobuatsu Toshishai
Pitching: RHP Carlos Cardenas
Batting: RHB Pepe Melandri 0-0: Called Strike
0-1: SINGLE (Groundball, 56D, EV 96.9 MPH)
Batting: RHB Jay Harris 0-0: Called Strike
0-1: Foul Ball, location: 2F
0-2: Ball
1-2: Ball
2-2: Fly out, F4 (Popup, 4, EV 58.8 MPH)
Batting: RHB Gabe Joicey 0-0: Ball
1-0: Ball
2-0: Foul Ball, location: 2F
2-1: Fly out, F7 (Flyball, 7S, EV 85.0 MPH)
Batting: SHB Markus Anderson 0-0: Ball
1-0: Ball
2-0: 2-RUN HOME RUN (Line Drive, 7D, EV 100.6 MPH), Distance : 365 ft
Batting: RHB Mark Quick 0-0: Foul Ball, location: 2F
0-1: Ball
1-1: Called Strike
1-2: Ball
2-2: Ball
3-2: Strikes out swinging
Bottom of the 7th over - 2 runs, 2 hits, 0 errors, 0 left on base; Capital Hill 7 - Valley View 7
TOP OF THE 8TH
Capital Hill Interns batting - Pitching for Valley View Cougars : RHP Tyrone Tolbert
Batting: RHB Burton Thomas 0-0: Called Strike
0-1: Ball
1-1: Swinging Strike
1-2: Ball
2-2: Foul Ball, location: 2F
2-2: Ball
3-2: Foul Ball, location: 2F
3-2: Base on Balls
Batting: LHB Armando García 0-0: Sac Bunt to 23 - play at first, batter OUT! 3-4
Burton Thomas to second
Batting: RHB Javier Cunchillos 0-0: DOUBLE (Line Drive, 89M, EV 90.0 MPH)
Burton Thomas scores
Batting: RHB Valerio Salviati 0-0: Ball
1-0: Called Strike
1-1: Foul Ball, location: 2F
1-2: Strikes out swinging
Batting: LHB Allen Edwards 0-0: Swinging Strike
0-1: Foul Ball, location: 2F
0-2: Foul Ball, location: 2F
0-2: Ball
1-2: Ball
2-2: Ball
3-2: Fly out, F5 (Popup, 56S, EV 76.9 MPH)
Top of the 8th over - 1 run, 1 hit, 0 errors, 1 left on base; Capital Hill 8 - Valley View 7
BOTTOM OF THE 8TH
Valley View Cougars batting - Pitching for Capital Hill Interns : RHP Carlos Cardenas
Batting: RHB Shaun Kingsley 0-0: Ball
1-0: Foul Ball, location: 2F
1-1: Swinging Strike
1-2: Fly out, F9 (Flyball, 9S, EV 81.9 MPH)
Batting: LHB Vic Coates 0-0: Called Strike
0-1: Ball
1-1: Ball
2-1: Ball
3-1: Called Strike
3-2: Foul Ball, location: 2F
3-2: Fly out, F6 (Line Drive, 6, EV 63.8 MPH)
Batting: RHB Okalani Karri 0-0: Ball
1-0: Foul Ball, location: 2F
1-1: Called Strike
1-2: Foul Ball, location: 2F
1-2: Fly out, F4 (Popup, 34S, EV 85.0 MPH)
Bottom of the 8th over - 0 runs, 0 hits, 0 errors, 0 left on base; Capital Hill 8 - Valley View 7
TOP OF THE 9TH
Capital Hill Interns batting - Pitching for Valley View Cougars : RHP Tyrone Tolbert
Batting: RHB Calvin Myrick 0-0: Ball
1-0: Called Strike
1-1: Fly out, F9 (Flyball, 89S, EV 80.6 MPH)
Batting: RHB Jerry Ray 0-0: Ball
1-0: Called Strike
1-1: Swinging Strike
1-2: Ball
2-2: Strikes out swinging
Batting: RHB Javier García 0-0: Ball
1-0: Ball
2-0: Fly out, F8 (Flyball, 8LXD, EV 111.2 MPH)
Top of the 9th over - 0 runs, 0 hits, 0 errors, 0 left on base; Capital Hill 8 - Valley View 7
BOTTOM OF THE 9TH
Valley View Cougars batting - Pitching for Capital Hill Interns : RHP Carlos Cardenas
Pitching: LHP Zier Kenselaar
Batting: RHB James Gill 0-0: Fly out, F7 (Flyball, 7, EV 95.0 MPH)
Batting: RHB Pepe Melandri 0-0: Ball
1-0: Ball
2-0: Ball
3-0: Base on Balls
Batting: RHB Jay Harris 0-0: Ball
1-0: 2-RUN HOME RUN (Flyball, 8RXD, EV 97.5 MPH), Distance : 454 ft
Friday, March 26th, 2021 - OOTP Baseball 20.8 Build 74